 Dungeon Crawl Stone Soup version 0.21.1-1-g345015f (webtiles) character file.

408 Mirai the Magician (level 6, -3/32 HPs)
             Began as a Deep Elf Conjurer on Mar 24, 2018.
             Killed by nerve-wracking pain
             ... invoked by Grinder
              (10 damage)
             ... while paralysed by Grinder
             ... on level 4 of the Dungeon.
             The game lasted 00:11:09 (3342 turns).

Mirai the Magician (Deep Elf Conjurer)              Turns: 3342, Time: 00:11:10

Health: -3/32      AC:  3    Str:  5    XL:     6   Next: 57%
Magic:  13/27      EV:  2    Int: 22    God:
Gold:   214        SH:  0    Dex: 15    Spells: 8/19 levels left

rFire    . . .     SeeInvis .   (no weapon)
rCold    . . .     Gourm    .   (no shield)
rNeg     . . .     Faith    .   a - +0 robe
rPois    .         Spirit   .   B - +0 helmet
rElec    .         Reflect  .   (no cloak)
rCorr    .         Harm     .   (no gloves)
MR       .....                  (no boots)
Stlth    ++........             y - amulet of magic regeneration
HPRegen  0.10/turn              f - ring of magical power
MPRegen  0.45/turn              l - +4 ring of evasion

@: paralysed, lethally poisoned (-3 -> -8)
A: no striking features
a: no special abilities


You were on level 4 of the Dungeon.
You were not hungry.

You visited 1 branch of the dungeon, and saw 4 of its levels.

You collected 214 gold pieces.

Inventory:

Hand Weapons
 n - a +0 short sword
 w - a cursed -1 mace
Armour
 a - a +0 robe (worn)
 B - a +0 helmet (worn)
Jewellery
 f - a ring of magical power (left hand)
 g - an uncursed ring of protection from magic {unknown}
 l - a +4 ring of evasion (right hand)
 r - an uncursed ring of fire {unknown}
 u - an uncursed ring of flight {unknown}
 y - an amulet of magic regeneration (around neck)
Wands
 x - a wand of clouds (5)
Scrolls
 d - 2 scrolls of amnesia
 e - 2 scrolls of enchant weapon {unknown}
 i - 3 scrolls of blinking {unknown}
 j - 4 scrolls of remove curse
 k - a scroll of enchant armour {unknown}
 m - 2 scrolls of identify
 o - 2 scrolls of immolation {unknown}
 t - a scroll of teleportation {unknown}
 v - a scroll of fog {unknown}
Potions
 h - a potion of might {unknown}
 q - a potion of brilliance {unknown}
 s - 2 potions of berserk rage {unknown}
 A - a potion of invisibility {unknown}
Books
 b - a book of Conjurations

   Spells                             Type                      Level
   a - Magic Dart                     Conjuration                  1
   b - Searing Ray                    Conjuration                  2
   c - Dazzling Spray                 Conjuration/Hexes            3
   d - Fulminant Prism                Conjuration/Hexes            4
   e - Force Lance                    Conjuration/Translocation    4
   f - Iskenderun's Mystic Blast      Conjuration                  4
Comestibles
 c - 4 rations
 p - 4 chunks of flesh


   Skills:
 - Level 2.4 Dodging
 - Level 2.4 Stealth
 + Level 7.4 Spellcasting
 + Level 5.9 Conjurations
 + Level 3.0 Hexes


You had 8 spell levels left.
You knew the following spells:

 Your Spells              Type           Power        Failure   Level  Hunger
a - Magic Dart            Conj           ####         1%          1    None
b - Searing Ray           Conj           ####..       1%          2    None
c - Iskenderun's Mystic   Conj           ####....     7%          4    ###....
d - Fulminant Prism       Conj/Hex       ####......   12%         4    ###....


Dungeon Overview and Level Annotations

Branches:
Dungeon (4/15)
 Temple: D:4-7

Altars:
Cheibriados
Makhleb
Ru
Uskayaw

Annotations:
D:4 Grinder


Message History

Grinder gestures at you. You resist with some effort. Grinder gestures at you.
You struggle to resist.
Grinder hits you but does no damage.
The worker ant twitches its antennae in your direction.
Grinder gestures at you. You resist with some effort. The worker ant bites you.
Grinder gestures at you. Pain shoots through your body!
The worker ant bites you.
* * * LOW HITPOINT WARNING * * *
You are poisoned.
The worker ant poisons you!
A jackal skeleton comes into view.
You feel sick. The worker ant bites you.
* * * LOW HITPOINT WARNING * * *
Grinder gestures at you. Pain shoots through your body!
You die...

#....a..
#.............
##+####..
###'###.##...# #...###
####...##+##...#
#.Z....
#..............# .....
#..............# ...
#..............#
#'############.....#
##.a.##....)###.....#
#...@................
+...5................
#....................
##...##...##.##..####
#...##>.(##.##..##)#
..........#.........)
...........#.........)
...........#..........
#... ..... #..........


You could see Grinder, a worker ant and a jackal skeleton.

Vanquished Creatures
  A hungry ghost (D:3)
  A hound (D:4)
  A bullfrog skeleton (D:4)
  Terence (D:2)
  2 worker ants
  A hound skeleton (D:2)
  5 adders
  3 oozes
  A worm (D:2)
  3 dart slugs
  2 leopard geckos (D:1)
  3 orcs (D:4)
  A giant cockroach (D:2)
  2 goblins
  9 hobgoblins
  6 jackals
  A quokka (D:2)
  6 bats
  4 frilled lizards
  12 kobolds
  6 rats
71 creatures vanquished.

Notes
Turn   | Place    | Note
-------+----------+-------------------------------------------
     0 | D:1      | Mirai the Deep Elf Conjurer began the quest for the Orb.
     0 | D:1      | Reached XP level 1. HP: 10/10 MP: 6/6
    74 | D:1      | Reached skill level 4 in Spellcasting
    74 | D:1      | Reached XP level 2. HP: 6/15 MP: 0/9
   360 | D:1      | Learned a level 2 spell: Searing Ray
   700 | D:1      | Reached XP level 3. HP: 19/19 MP: 11/11
   940 | D:2      | Reached skill level 5 in Spellcasting
  1101 | D:2      | Reached XP level 4. HP: 19/24 MP: 13/13
  1183 | D:2      | Reached skill level 6 in Spellcasting
  1545 | D:2      | Noticed Terence
  1566 | D:2      | Killed Terence
  1566 | D:2      | Reached skill level 5 in Conjurations
  1735 | D:2      | Reached XP level 5. HP: 25/28 MP: 15/15
  2042 | D:3      | Found a sacrificial altar of Ru.
  2367 | D:3      | Learned a level 4 spell: Iskenderun's Mystic Blast
  2372 | D:3      | Learned a level 4 spell: Fulminant Prism
  2406 | D:3      | Found a hide-covered altar of Uskayaw.
  2406 | D:3      | Found a snail-covered altar of Cheibriados.
  2525 | D:3      | Noticed a hungry ghost
  2533 | D:3      | Killed a hungry ghost
  2533 | D:3      | Reached skill level 7 in Spellcasting
  2533 | D:3      | Reached XP level 6. HP: 32/32 MP: 18/18
  2837 | D:4      | Noticed Grinder
  3241 | D:4      | Found a burning altar of Makhleb.
  3336 | D:4      | Paralysed by Grinder for 7 turns
  3342 | D:4      | Killed from afar by Grinder

Skill      XL: |  1  2  3  4  5  6 |
---------------+-------------------+-----
Spellcasting   | 4 5 6 7 |  7.4
Conjurations   | 5 |  5.9
Hexes          | 2 3 |  3.0
Dodging        | |  2.4
Stealth        | |  2.4

Action                   |  1- 3 |  4- 6 || total
-------------------------+-------+-------++-------
Melee: Unarmed           |     7 |     1 ||     8
 Cast: Magic Dart        |    60 |    87 ||   147
       Searing Ray       |       |    10 ||    10
       Iskenderun's Myst |       |     6 ||     6
  Use: Potion            |     1 |       ||     1
       Scroll            |       |     3 ||     3
  Eat: Chunk             |       |     4 ||     4
       Ration            |       |     1 ||     1
Armor: Robe              |     5 |     3 ||     8
Dodge: Dodged            |    28 |    35 ||    63
